[ AOE2 MATCH · #478924687 ]
UnrankedMagyars vs Khmer
[ REPLAY ANALYSIS · EXTRACTED FROM THE RECORDED GAME ]
Feudal
11:11
Castle
14:56
Imperial
30:46
| APM avg | 51.2 |
| APM peak | 95 |
| eAPM avg | 28.4 |
| Villagers / military | 160 / 143 |
Focus
⚔️ 51.5% · 🌾 48.5%
Knight ×105 · Scout Cavalry ×34 · Monk ×2 · Trebuchet (Packed) ×2
Feudal
12:02
Castle
16:12
Imperial
29:24
| APM avg | 47.3 |
| APM peak | 96 |
| eAPM avg | 31.3 |
| Villagers / military | 314 / 98 |
Focus
⚔️ 41.2% · 🌾 58.8%
Scout Cavalry ×40 · Scorpion ×36 · Spearman ×17 · Battering Ram ×3 · Knight ×1 · Mangonel ×1
Feudal
8:46
Castle
20:57
Imperial
31:04
| APM avg | 36.4 |
| APM peak | 67 |
| eAPM avg | 20.6 |
| Villagers / military | 93 / 76 |
Focus
⚔️ 34.4% · 🌾 65.6%
Spearman ×54 · Organ Gun ×14 · Bombard Cannon ×3 · Petard ×2 · Trebuchet (Packed) ×2 · Mangonel ×1
Feudal
10:56
Castle
14:51
Imperial
29:58
| APM avg | 25.6 |
| APM peak | 56 |
| eAPM avg | 19.4 |
| Villagers / military | 159 / 86 |
Focus
⚔️ 27.2% · 🌾 72.8%
Boyar ×50 · Knight ×27 · Scorpion ×3 · Scout Cavalry ×3 · Spearman ×2 · Trebuchet (Packed) ×1
Feudal
10:32
Castle
14:10
Imperial
28:08
| APM avg | 47.3 |
| APM peak | 94 |
| eAPM avg | 31.6 |
| Villagers / military | 139 / 270 |
Focus
⚔️ 47.3% · 🌾 52.7%
Obuch ×257 · Trebuchet (Packed) ×11 · Monk ×2
Feudal
8:53
Castle
21:37
Imperial
29:54
| APM avg | 69.2 |
| APM peak | 136 |
| eAPM avg | 52.8 |
| Villagers / military | 258 / 216 |
Focus
⚔️ 65.6% · 🌾 34.4%
Steppe Lancer ×117 · Spearman ×84 · Trebuchet (Packed) ×14 · Mangonel ×1
Feudal
10:26
Castle
13:41
Imperial
31:52
| APM avg | 41.3 |
| APM peak | 71 |
| eAPM avg | 30.8 |
| Villagers / military | 279 / 93 |
Focus
⚔️ 35.2% · 🌾 64.8%
Militia ×49 · Spearman ×33 · Trebuchet (Packed) ×5 · Karambit Warrior ×4 · Mangonel ×2
Feudal
11:22
Castle
15:25
Imperial
27:32
| APM avg | 91.4 |
| APM peak | 171 |
| eAPM avg | 66.5 |
| Villagers / military | 123 / 128 |
Focus
⚔️ 70.0% · 🌾 30.0%
Arambai ×58 · Militia ×45 · Trade Cart ×9 · Battering Ram ×9 · Scout Cavalry ×5 · Bombard Cannon ×4
Match map
Initial resources + every placement click. Lines = walls · curves = elevation contours. ◆ gold · ⬟ stone · ● berries · ✦ relic · ◌ wall gap
Your base· ✓ Closed at 14:56 · 0t walls · 3 gate(s)
Ux'El papibara's base· ✓ Closed at 16:12 · 16t walls · 2 gate(s)
hK | Islamey's base· ✓ Closed at 20:57 · 2t walls · 2 gate(s)
Shelby Lane's base· ✓ Closed at 14:51 · 0t walls · 3 gate(s)
Puerco_Black's base· ✓ Closed at 14:10 · 2t walls · 2 gate(s)
Ux'LobodeLaNieve's base· ✓ Closed at 21:37 · 32t walls · 3 gate(s)
120057903's base· ✓ Closed at 13:41 · 3t walls · 6 gate(s)
KH | BooMBastic_'s base· ✓ Closed at 15:25 · 0t walls · 3 gate(s)
Smoothed initial terrain · ◌ = detected wall gap · hover for details
Inputs per minute
— Volg - - Ux'El papibara
Build order — Volg
First 150 of 459 actions detected
| 0:01 | Create | Villager (Male) |
| 0:02 | Create | Villager (Male) |
| 0:02 | Build | House |
| 0:03 | Build | House |
| 0:05 | Create | Villager (Male) |
| 0:05 | Create | Villager (Male) |
| 0:05 | Create | Villager (Male) |
| 1:24 | Create | Villager (Male) |
| 1:51 | Build | Lumber Camp |
| 1:53 | Create | Villager (Male) |
| 2:13 | Create | Villager (Male) |
| 2:54 | Create | Villager (Male) |
| 3:02 | Create | Villager (Male) |
| 3:31 | Create | Villager (Male) |
| 3:49 | Build | House |
| 3:49 | Build | House |
| 4:03 | Create | Villager (Male) |
| 4:22 | Create | Villager (Male) |
| 4:35 | Create | Villager (Male) |
| 4:58 | Build | Mill |
| 5:00 | Create | Villager (Male) |
| 5:21 | Create | Villager (Male) |
| 5:40 | Create | Villager (Male) |
| 6:23 | Build | Mill |
| 6:34 | Create | Villager (Male) |
| 6:34 | Create | Villager (Male) |
| 7:17 | Create | Villager (Male) |
| 7:17 | Create | Villager (Male) |
| 7:45 | Build | House |
| 8:19 | Create | Villager (Male) |
| 8:22 | Build | Mining Camp |
| 9:01 | Research | Feudal Age |
| 9:22 | Build | Barracks |
| 9:40 | Create | Villager (Male) |
| 9:40 | Create | Villager (Male) |
| 10:15 | Build | House |
| 11:11 | Age | Feudal Age |
| 11:13 | Build | Blacksmith |
| 11:16 | Build | Stable |
| 12:07 | Build | Farm |
| 12:09 | Build | Farm |
| 12:16 | Build | Farm |
| 12:16 | Research | Castle Age |
| 12:17 | Research | Castle Age |
| 12:29 | Build | Farm |
| 12:34 | Build | Farm |
| 13:01 | Research | Double-Bit Axe |
| 13:04 | Build | Farm |
| 13:27 | Create | Scout Cavalry |
| 13:40 | Create | Scout Cavalry |
| 13:46 | Build | Farm |
| 13:46 | Build | Farm |
| 14:14 | Create | Scout Cavalry |
| 14:47 | Create | Scout Cavalry |
| 14:48 | Create | Villager (Male) |
| 14:56 | Age | Castle Age |
| 15:05 | Research | Bow Saw |
| 15:34 | Create | Villager (Male) |
| 15:34 | Create | Villager (Male) |
| 15:34 | Create | Villager (Male) |
| 15:39 | Build | Town Center |
| 15:44 | Build | House |
| 15:58 | Create | Villager (Male) |
| 16:05 | Research | Horse Collar |
| 16:16 | Create | Villager (Male) |
| 16:19 | Build | House |
| 16:44 | Build | Farm |
| 16:50 | Build | Farm |
| 16:51 | Research | Husbandry |
| 16:59 | Build | House |
| 17:07 | Research | Loom |
| 17:15 | Create | Villager (Male) |
| 17:17 | Build | Farm |
| 17:29 | Build | House |
| 17:29 | Create | Villager (Male) |
| 17:30 | Create | Villager (Male) |
| 17:32 | Build | Farm |
| 17:51 | Create | Villager (Male) |
| 17:51 | Create | Villager (Male) |
| 18:00 | Create | Villager (Male) |
| 18:01 | Create | Villager (Male) |
| 18:09 | Build | House |
| 18:15 | Build | Farm |
| 18:16 | Build | Farm |
| 18:17 | Build | Farm |
| 18:17 | Build | Farm |
| 18:24 | Create | Villager (Male) |
| 18:30 | Build | Farm |
| 18:38 | Create | Villager (Male) |
| 18:39 | Create | Villager (Male) |
| 18:43 | Build | House |
| 18:44 | Create | Villager (Male) |
| 18:44 | Create | Villager (Male) |
| 18:55 | Create | Villager (Male) |
| 19:15 | Build | Town Center |
| 19:23 | Create | Villager (Male) |
| 19:24 | Create | Villager (Male) |
| 19:26 | Build | House |
| 19:28 | Create | Villager (Male) |
| 19:40 | Build | Farm |
| 19:41 | Create | Villager (Male) |
| 19:52 | Create | Villager (Male) |
| 20:03 | Create | Villager (Male) |
| 20:08 | Build | Monastery |
| 20:09 | Create | Villager (Male) |
| 20:14 | Build | Farm |
| 20:15 | Build | Farm |
| 20:22 | Build | Farm |
| 20:23 | Create | Villager (Male) |
| 20:31 | Build | Farm |
| 20:34 | Create | Villager (Male) |
| 20:38 | Create | Villager (Male) |
| 20:53 | Build | Farm |
| 20:54 | Build | Farm |
| 20:54 | Create | Villager (Male) |
| 20:58 | Build | Farm |
| 20:59 | Build | Farm |
| 21:03 | Create | Villager (Male) |
| 21:08 | Create | Villager (Male) |
| 21:11 | Build | Farm |
| 21:12 | Build | Farm |
| 21:22 | Build | House |
| 21:23 | Build | House |
| 21:24 | Create | Monk |
| 21:26 | Create | Villager (Male) |
| 21:27 | Create | Villager (Male) |
| 21:27 | Create | Villager (Male) |
| 21:27 | Create | Villager (Male) |
| 21:32 | Build | Farm |
| 21:33 | Build | Farm |
| 21:37 | Create | Villager (Male) |
| 21:43 | Create | Villager (Male) |
| 21:50 | Create | Villager (Male) |
| 21:55 | Create | Villager (Male) |
| 22:02 | Build | Market |
| 22:03 | Create | Villager (Male) |
| 22:10 | Build | Farm |
| 22:12 | Build | Farm |
| 22:12 | Create | Villager (Male) |
| 22:13 | Create | Villager (Male) |
| 22:18 | Build | Farm |
| 22:19 | Create | Villager (Male) |
| 22:20 | Create | Monk |
| 22:25 | Build | House |
| 22:26 | Create | Villager (Male) |
| 22:26 | Create | Villager (Male) |
| 22:36 | Create | Villager (Male) |
| 22:37 | Create | Villager (Male) |
| 22:37 | Create | Villager (Male) |
| 22:46 | Create | Villager (Male) |
Build order — Ux'El papibara
First 150 of 556 actions detected
| 0:00 | Create | Villager (Male) |
| 0:01 | Create | Villager (Male) |
| 0:01 | Create | Villager (Male) |
| 0:02 | Build | House |
| 0:05 | Build | House |
| 0:06 | Create | Villager (Male) |
| 1:19 | Build | Palisade Wall |
| 1:21 | Build | Palisade Wall |
| 1:24 | Build | Palisade Wall |
| 1:25 | Build | Palisade Wall |
| 1:27 | Build | Palisade Wall |
| 1:28 | Build | Palisade Wall |
| 1:29 | Build | Palisade Wall |
| 1:30 | Build | Palisade Wall |
| 1:41 | Create | Villager (Male) |
| 1:45 | Create | Villager (Male) |
| 2:00 | Build | Palisade Wall |
| 2:02 | Build | Palisade Wall |
| 2:03 | Build | Palisade Wall |
| 2:04 | Build | Palisade Wall |
| 2:05 | Build | Palisade Wall |
| 2:07 | Build | Palisade Wall |
| 2:08 | Build | Palisade Wall |
| 2:22 | Build | Lumber Camp |
| 2:31 | Create | Villager (Male) |
| 2:42 | Create | Villager (Male) |
| 3:13 | Create | Villager (Male) |
| 3:51 | Create | Villager (Male) |
| 4:12 | Create | Villager (Male) |
| 4:42 | Create | Villager (Male) |
| 4:49 | Build | House |
| 4:52 | Research | Loom |
| 4:53 | Create | Villager (Male) |
| 5:05 | Create | Villager (Male) |
| 5:22 | Create | Villager (Male) |
| 5:31 | Create | Villager (Male) |
| 5:41 | Create | Villager (Male) |
| 6:03 | Create | Villager (Male) |
| 6:16 | Build | House |
| 6:19 | Create | Villager (Male) |
| 6:32 | Create | Villager (Male) |
| 6:33 | Create | Villager (Male) |
| 6:40 | Create | Villager (Male) |
| 6:48 | Create | Villager (Male) |
| 6:52 | Create | Villager (Male) |
| 6:55 | Create | Villager (Male) |
| 7:03 | Build | Mining Camp |
| 7:30 | Create | Villager (Male) |
| 7:35 | Create | Villager (Male) |
| 7:38 | Build | Mill |
| 7:42 | Create | Villager (Male) |
| 8:13 | Create | Villager (Male) |
| 8:21 | Create | Villager (Male) |
| 8:43 | Create | Villager (Male) |
| 8:46 | Build | House |
| 8:55 | Create | Villager (Male) |
| 8:57 | Create | Villager (Male) |
| 8:58 | Create | Villager (Male) |
| 8:58 | Create | Villager (Male) |
| 8:58 | Create | Villager (Male) |
| 9:08 | Create | Villager (Male) |
| 9:14 | Create | Villager (Male) |
| 9:17 | Build | Mining Camp |
| 9:24 | Create | Villager (Male) |
| 9:50 | Research | Feudal Age |
| 9:51 | Create | Villager (Male) |
| 9:58 | Build | Farm |
| 10:06 | Build | Farm |
| 10:09 | Build | Farm |
| 10:27 | Create | Villager (Male) |
| 10:35 | Build | Farm |
| 10:39 | Create | Villager (Male) |
| 10:45 | Create | Villager (Male) |
| 11:03 | Create | Villager (Male) |
| 11:11 | Create | Villager (Male) |
| 11:28 | Create | Villager (Male) |
| 11:38 | Create | Villager (Male) |
| 11:45 | Create | Villager (Male) |
| 11:48 | Create | Villager (Male) |
| 12:02 | Age | Feudal Age |
| 12:06 | Build | Market |
| 12:07 | Create | Villager (Male) |
| 12:18 | Create | Villager (Male) |
| 12:29 | Create | Villager (Male) |
| 12:35 | Build | Blacksmith |
| 12:36 | Create | Villager (Male) |
| 12:39 | Create | Villager (Male) |
| 12:43 | Create | Villager (Male) |
| 12:54 | Create | Villager (Male) |
| 13:32 | Research | Castle Age |
| 13:32 | Research | Castle Age |
| 14:06 | Create | Villager (Male) |
| 14:08 | Create | Villager (Male) |
| 14:34 | Research | Double-Bit Axe |
| 14:35 | Create | Villager (Male) |
| 14:41 | Research | Horse Collar |
| 14:41 | Research | Gold Mining |
| 15:05 | Create | Villager (Male) |
| 15:14 | Create | Villager (Male) |
| 15:19 | Create | Villager (Male) |
| 15:26 | Create | Villager (Male) |
| 15:31 | Create | Villager (Male) |
| 15:38 | Create | Villager (Male) |
| 15:48 | Create | Villager (Male) |
| 15:53 | Create | Villager (Male) |
| 16:00 | Create | Villager (Male) |
| 16:03 | Create | Villager (Male) |
| 16:06 | Create | Villager (Male) |
| 16:12 | Age | Castle Age |
| 16:15 | Build | Town Center |
| 16:16 | Create | Villager (Male) |
| 16:23 | Create | Villager (Male) |
| 16:26 | Create | Villager (Male) |
| 16:30 | Create | Villager (Male) |
| 16:35 | Create | Villager (Male) |
| 16:42 | Build | House |
| 17:04 | Build | Town Center |
| 17:04 | Create | Villager (Male) |
| 17:08 | Create | Villager (Male) |
| 17:15 | Create | Villager (Male) |
| 17:21 | Research | Bow Saw |
| 17:22 | Create | Villager (Male) |
| 17:28 | Create | Villager (Male) |
| 17:31 | Create | Villager (Male) |
| 17:41 | Create | Villager (Male) |
| 17:44 | Create | Villager (Male) |
| 17:47 | Create | Villager (Male) |
| 17:51 | Create | Villager (Male) |
| 18:02 | Create | Villager (Male) |
| 18:11 | Create | Villager (Male) |
| 18:15 | Create | Villager (Male) |
| 18:28 | Create | Villager (Male) |
| 18:31 | Build | House |
| 18:32 | Build | House |
| 18:33 | Create | Villager (Male) |
| 18:35 | Create | Villager (Male) |
| 18:44 | Research | Heavy Plow |
| 18:46 | Create | Villager (Male) |
| 18:51 | Build | Farm |
| 18:52 | Build | Farm |
| 18:54 | Build | Farm |
| 18:55 | Build | Farm |
| 18:56 | Create | Villager (Male) |
| 19:01 | Create | Villager (Male) |
| 19:06 | Build | House |
| 19:07 | Build | House |
| 19:08 | Create | Villager (Male) |
| 19:10 | Create | Villager (Male) |
| 19:17 | Build | Lumber Camp |
| 19:38 | Create | Villager (Male) |
Build order — hK | Islamey
First 150 of 279 actions detected
| 0:00 | Create | Villager (Male) |
| 0:01 | Create | Villager (Male) |
| 0:01 | Create | Villager (Male) |
| 0:01 | Create | Villager (Male) |
| 0:02 | Build | House |
| 0:04 | Build | House |
| 1:20 | Create | Villager (Male) |
| 1:55 | Create | Villager (Male) |
| 1:55 | Create | Villager (Male) |
| 2:13 | Build | Lumber Camp |
| 2:25 | Create | Villager (Male) |
| 2:31 | Create | Villager (Male) |
| 2:31 | Create | Villager (Male) |
| 2:54 | Create | Villager (Male) |
| 3:42 | Create | Villager (Male) |
| 3:42 | Create | Villager (Male) |
| 3:52 | Build | House |
| 3:55 | Create | Villager (Male) |
| 3:59 | Create | Villager (Male) |
| 4:56 | Create | Villager (Male) |
| 4:56 | Create | Villager (Male) |
| 5:35 | Create | Villager (Male) |
| 5:49 | Build | Mining Camp |
| 6:10 | Research | Loom |
| 6:32 | Research | Feudal Age |
| 7:00 | Build | Mill |
| 8:19 | Build | House |
| 8:45 | Create | Villager (Male) |
| 8:46 | Age | Feudal Age |
| 8:51 | Build | Watch Tower |
| 9:16 | Create | Villager (Male) |
| 9:16 | Create | Villager (Male) |
| 9:22 | Create | Villager (Male) |
| 9:25 | Research | Double-Bit Axe |
| 9:54 | Create | Villager (Male) |
| 10:09 | Build | House |
| 10:45 | Create | Villager (Male) |
| 11:05 | Research | Town Watch |
| 11:05 | Research | Town Watch |
| 11:18 | Build | Outpost |
| 11:27 | Build | Watch Tower |
| 11:52 | Create | Villager (Male) |
| 12:07 | Create | Villager (Male) |
| 12:07 | Create | Villager (Male) |
| 12:10 | Build | Mill |
| 12:14 | Create | Villager (Male) |
| 12:34 | Create | Villager (Male) |
| 12:42 | Create | Villager (Male) |
| 13:01 | Research | Horse Collar |
| 13:04 | Build | Mining Camp |
| 13:08 | Build | House |
| 13:12 | Create | Villager (Male) |
| 13:20 | Build | House |
| 13:33 | Build | Watch Tower |
| 13:59 | Build | Watch Tower |
| 14:02 | Build | Palisade Wall |
| 14:08 | Create | Villager (Male) |
| 14:11 | Build | Farm |
| 14:16 | Build | Farm |
| 14:18 | Build | Farm |
| 14:18 | Build | Farm |
| 14:50 | Create | Villager (Male) |
| 14:50 | Create | Villager (Male) |
| 14:54 | Build | Farm |
| 14:55 | Build | Farm |
| 14:56 | Build | Farm |
| 15:24 | Build | Market |
| 15:41 | Build | Farm |
| 15:45 | Build | Farm |
| 15:47 | Create | Villager (Male) |
| 16:13 | Create | Villager (Male) |
| 16:17 | Build | Farm |
| 16:34 | Build | Outpost |
| 16:35 | Build | Outpost |
| 16:52 | Create | Villager (Male) |
| 16:59 | Build | Blacksmith |
| 17:22 | Create | Villager (Male) |
| 18:17 | Research | Castle Age |
| 19:17 | Research | Stone Mining |
| 19:17 | Research | Stone Mining |
| 19:45 | Build | House |
| 19:55 | Research | Gold Mining |
| 19:55 | Research | Gold Mining |
| 20:10 | Build | House |
| 20:27 | Create | Villager (Male) |
| 20:43 | Build | Outpost |
| 20:50 | Create | Villager (Male) |
| 20:57 | Age | Castle Age |
| 21:01 | Build | Castle |
| 21:03 | Create | Villager (Male) |
| 21:07 | Research | Bow Saw |
| 21:07 | Research | Bow Saw |
| 21:17 | Build | Palisade Wall |
| 21:20 | Build | Palisade Wall |
| 21:26 | Build | House |
| 21:27 | Build | House |
| 21:31 | Create | Villager (Male) |
| 21:48 | Build | Outpost |
| 21:51 | Build | Outpost |
| 21:52 | Create | Villager (Male) |
| 21:53 | Create | Villager (Male) |
| 22:10 | Research | Wheelbarrow |
| 22:10 | Research | Wheelbarrow |
| 22:30 | Create | Villager (Male) |
| 22:35 | Create | Organ Gun |
| 22:42 | Build | Mining Camp |
| 22:46 | Build | Siege Workshop |
| 22:47 | Create | Organ Gun |
| 22:48 | Create | Villager (Male) |
| 23:15 | Build | Outpost |
| 23:30 | Create | Organ Gun |
| 23:45 | Create | Mangonel |
| 24:29 | Create | Organ Gun |
| 24:37 | Create | Villager (Male) |
| 24:40 | Build | Lumber Camp |
| 24:40 | Create | Villager (Male) |
| 24:58 | Create | Petard |
| 25:16 | Build | Castle |
| 25:24 | Create | Villager (Male) |
| 25:35 | Create | Villager (Male) |
| 25:39 | Create | Organ Gun |
| 25:51 | Create | Organ Gun |
| 25:51 | Create | Villager (Male) |
| 26:14 | Research | Hand Cart |
| 26:18 | Build | Farm |
| 26:20 | Build | Farm |
| 26:56 | Build | Mining Camp |
| 27:54 | Research | Imperial Age |
| 28:30 | Build | Farm |
| 28:32 | Build | Farm |
| 28:57 | Build | Outpost |
| 29:00 | Build | Outpost |
| 29:05 | Create | Villager (Male) |
| 29:05 | Create | Villager (Male) |
| 29:27 | Create | Organ Gun |
| 29:29 | Create | Organ Gun |
| 29:30 | Create | Organ Gun |
| 29:30 | Create | Organ Gun |
| 29:36 | Create | Petard |
| 29:49 | Build | Outpost |
| 29:51 | Create | Villager (Male) |
| 29:52 | Create | Villager (Male) |
| 29:56 | Build | Farm |
| 29:59 | Build | Farm |
| 30:13 | Create | Organ Gun |
| 30:29 | Create | Villager (Male) |
| 30:44 | Build | House |
| 31:02 | Create | Villager (Male) |
| 31:02 | Create | Villager (Male) |
| 31:04 | Age | Imperial Age |
Build order — Shelby Lane
First 150 of 391 actions detected
| 0:00 | Create | Villager (Male) |
| 0:01 | Create | Villager (Male) |
| 0:02 | Build | House |
| 0:04 | Build | House |
| 0:14 | Create | Villager (Male) |
| 0:14 | Create | Villager (Male) |
| 0:14 | Create | Villager (Male) |
| 1:26 | Create | Villager (Male) |
| 1:50 | Create | Villager (Male) |
| 2:27 | Create | Villager (Male) |
| 2:35 | Build | House |
| 2:37 | Build | House |
| 2:39 | Build | Lumber Camp |
| 2:45 | Build | Lumber Camp |
| 2:48 | Create | Villager (Male) |
| 2:50 | Create | Villager (Male) |
| 2:50 | Create | Villager (Male) |
| 3:34 | Create | Villager (Male) |
| 3:35 | Create | Villager (Male) |
| 3:35 | Create | Villager (Male) |
| 4:12 | Create | Villager (Male) |
| 4:48 | Create | Villager (Male) |
| 5:13 | Create | Villager (Male) |
| 5:29 | Create | Villager (Male) |
| 5:48 | Create | Villager (Male) |
| 6:02 | Build | Mill |
| 6:20 | Create | Villager (Male) |
| 6:46 | Create | Villager (Male) |
| 7:18 | Build | Mining Camp |
| 7:20 | Create | Villager (Male) |
| 7:51 | Create | Villager (Male) |
| 8:16 | Create | Villager (Male) |
| 8:16 | Research | Feudal Age |
| 9:12 | Build | Farm |
| 9:20 | Build | Farm |
| 10:31 | Build | House |
| 10:41 | Create | Villager (Male) |
| 10:56 | Age | Feudal Age |
| 10:59 | Build | Market |
| 11:08 | Build | Blacksmith |
| 11:12 | Create | Villager (Male) |
| 11:17 | Build | Farm |
| 11:22 | Build | Farm |
| 11:42 | Create | Villager (Male) |
| 12:08 | Research | Castle Age |
| 12:26 | Research | Double-Bit Axe |
| 12:27 | Research | Horse Collar |
| 12:36 | Build | Farm |
| 13:48 | Build | House |
| 13:51 | Build | House |
| 14:00 | Build | Barracks |
| 14:32 | Create | Villager (Male) |
| 14:51 | Age | Castle Age |
| 14:52 | Create | Villager (Male) |
| 14:56 | Build | Town Center |
| 15:21 | Create | Villager (Male) |
| 15:24 | Build | Town Center |
| 15:29 | Build | House |
| 15:31 | Research | Bow Saw |
| 15:32 | Create | Villager (Male) |
| 15:34 | Build | Farm |
| 15:35 | Build | Farm |
| 16:06 | Build | Mining Camp |
| 16:11 | Create | Villager (Male) |
| 16:16 | Build | Farm |
| 16:23 | Build | Farm |
| 16:24 | Create | Villager (Male) |
| 16:26 | Create | Villager (Male) |
| 16:42 | Create | Villager (Male) |
| 16:46 | Build | Farm |
| 16:51 | Build | Farm |
| 16:52 | Create | Villager (Male) |
| 16:56 | Build | Farm |
| 17:07 | Create | Villager (Male) |
| 17:10 | Create | Villager (Male) |
| 17:16 | Create | Spearman |
| 17:20 | Create | Villager (Male) ×4 |
| 17:23 | Build | Farm |
| 17:30 | Build | Farm |
| 17:32 | Build | Farm |
| 17:37 | Create | Villager (Male) |
| 17:44 | Create | Villager (Male) |
| 17:46 | Create | Villager (Male) |
| 17:49 | Build | Farm |
| 17:52 | Build | Farm |
| 17:54 | Build | Farm |
| 18:03 | Create | Villager (Male) |
| 18:06 | Build | Farm |
| 18:10 | Build | Farm |
| 18:13 | Build | Farm |
| 18:14 | Create | Villager (Male) |
| 18:17 | Build | Farm |
| 18:23 | Create | Villager (Male) |
| 18:24 | Create | Villager (Male) |
| 18:26 | Build | Farm |
| 18:28 | Build | Farm |
| 18:32 | Build | Farm |
| 18:33 | Build | Farm |
| 18:44 | Create | Villager (Male) |
| 18:46 | Create | Villager (Male) |
| 18:55 | Build | Farm |
| 18:56 | Build | Farm |
| 18:57 | Build | Farm |
| 19:00 | Create | Villager (Male) |
| 19:04 | Build | Farm |
| 19:07 | Create | Villager (Male) |
| 19:14 | Create | Villager (Male) |
| 19:25 | Create | Villager (Male) |
| 19:37 | Build | Town Center |
| 19:39 | Create | Villager (Male) |
| 19:51 | Research | Loom |
| 19:54 | Build | House |
| 19:57 | Create | Villager (Male) |
| 20:03 | Create | Villager (Male) |
| 20:06 | Build | Farm |
| 20:07 | Build | Farm |
| 20:10 | Build | Farm |
| 20:14 | Build | Farm |
| 20:17 | Create | Villager (Male) |
| 20:20 | Research | Wheelbarrow |
| 20:21 | Create | Villager (Male) |
| 20:25 | Create | Spearman |
| 20:29 | Create | Villager (Male) |
| 20:29 | Create | Villager (Male) |
| 20:45 | Build | House |
| 20:47 | Build | House |
| 21:14 | Create | Villager (Male) |
| 21:17 | Build | House |
| 21:17 | Build | House |
| 21:18 | Build | House |
| 21:22 | Build | House |
| 21:24 | Build | House |
| 21:26 | Create | Villager (Male) |
| 21:31 | Research | Stone Mining |
| 21:32 | Create | Villager (Male) |
| 21:43 | Create | Villager (Male) |
| 21:45 | Create | Villager (Male) |
| 21:47 | Create | Villager (Male) |
| 21:48 | Create | Villager (Male) |
| 21:51 | Build | Farm |
| 21:52 | Build | Farm |
| 21:53 | Build | Farm |
| 21:53 | Build | Farm |
| 21:53 | Build | Farm |
| 21:54 | Build | Farm |
| 21:54 | Build | Farm |
| 21:54 | Build | Farm |
| 21:54 | Build | Farm |
| 21:55 | Build | Farm |
| 21:55 | Build | Farm |
Build order — Puerco_Black
First 150 of 577 actions detected
| 0:01 | Create | Villager (Male) |
| 0:01 | Create | Villager (Male) |
| 0:02 | Build | House |
| 0:03 | Build | House |
| 0:12 | Create | Villager (Male) |
| 0:12 | Create | Villager (Male) |
| 1:42 | Create | Villager (Male) |
| 1:49 | Build | Lumber Camp |
| 1:51 | Create | Villager (Male) |
| 2:24 | Create | Villager (Male) |
| 2:53 | Create | Villager (Male) |
| 2:55 | Create | Villager (Male) |
| 3:36 | Build | House |
| 3:36 | Create | Villager (Male) |
| 3:53 | Create | Villager (Male) |
| 4:26 | Build | House |
| 4:28 | Create | Villager (Male) |
| 4:56 | Create | Villager (Male) |
| 4:56 | Create | Villager (Male) |
| 5:18 | Build | Mill |
| 5:27 | Create | Villager (Male) |
| 5:42 | Create | Villager (Male) |
| 6:23 | Build | Palisade Wall |
| 6:27 | Build | Palisade Wall |
| 6:38 | Create | Villager (Male) |
| 6:53 | Build | Mill |
| 6:56 | Create | Villager (Male) |
| 7:19 | Create | Villager (Male) |
| 7:45 | Create | Villager (Male) |
| 7:53 | Build | Farm |
| 7:58 | Create | Villager (Male) |
| 8:10 | Research | Feudal Age |
| 8:38 | Build | Farm |
| 8:41 | Build | Farm |
| 9:57 | Create | Villager (Male) |
| 9:57 | Create | Villager (Male) |
| 10:32 | Age | Feudal Age |
| 10:37 | Build | Market |
| 10:47 | Build | Blacksmith |
| 11:04 | Build | Farm |
| 11:30 | Research | Castle Age |
| 11:41 | Research | Horse Collar |
| 11:47 | Build | Farm |
| 12:07 | Research | Double-Bit Axe |
| 12:25 | Build | Farm |
| 13:23 | Build | House |
| 13:25 | Build | House |
| 14:10 | Age | Castle Age |
| 14:23 | Create | Villager (Male) |
| 14:25 | Build | Town Center |
| 14:37 | Build | Town Center |
| 14:38 | Create | Villager (Male) |
| 15:08 | Research | Bow Saw |
| 15:09 | Create | Villager (Male) |
| 15:38 | Research | Heavy Plow |
| 15:39 | Create | Villager (Male) |
| 15:42 | Create | Villager (Male) |
| 16:01 | Create | Villager (Male) |
| 16:02 | Create | Villager (Male) |
| 16:07 | Create | Villager (Male) |
| 16:07 | Create | Villager (Male) |
| 16:10 | Build | Farm |
| 16:12 | Build | Farm |
| 16:14 | Create | Villager (Male) |
| 16:15 | Create | Villager (Male) |
| 16:20 | Build | Farm |
| 16:25 | Research | Wheelbarrow |
| 16:25 | Research | Wheelbarrow |
| 16:29 | Create | Villager (Male) |
| 16:32 | Create | Villager (Male) |
| 16:33 | Create | Villager (Male) |
| 16:45 | Build | Mill |
| 16:49 | Create | Villager (Male) |
| 16:50 | Create | Villager (Male) |
| 16:54 | Build | Farm |
| 16:56 | Create | Villager (Male) |
| 16:58 | Create | Villager (Male) |
| 17:09 | Create | Villager (Male) |
| 17:21 | Create | Villager (Male) |
| 17:34 | Build | Town Center |
| 17:38 | Create | Villager (Male) |
| 17:46 | Build | Farm |
| 17:49 | Build | Farm |
| 17:52 | Create | Villager (Male) |
| 17:52 | Create | Villager (Male) |
| 17:52 | Create | Villager (Male) |
| 17:53 | Create | Villager (Male) |
| 18:08 | Create | Villager (Male) |
| 18:14 | Create | Villager (Male) |
| 18:26 | Build | Monastery |
| 18:30 | Create | Villager (Male) |
| 18:31 | Create | Villager (Male) |
| 18:34 | Build | Farm |
| 18:39 | Create | Villager (Male) |
| 18:41 | Create | Villager (Male) |
| 18:52 | Build | Farm |
| 18:56 | Create | Villager (Male) |
| 18:57 | Create | Villager (Male) |
| 19:00 | Create | Villager (Male) |
| 19:03 | Create | Monk |
| 19:07 | Create | Villager (Male) |
| 19:10 | Build | House |
| 19:11 | Build | House |
| 19:15 | Create | Villager (Male) |
| 19:21 | Create | Villager (Male) |
| 19:24 | Build | Farm |
| 19:27 | Build | Farm |
| 19:29 | Build | Farm |
| 19:33 | Build | Farm |
| 19:35 | Build | Farm |
| 19:36 | Create | Villager (Male) |
| 19:38 | Create | Villager (Male) |
| 19:40 | Create | Villager (Male) |
| 19:44 | Build | Farm |
| 19:52 | Build | Farm |
| 19:54 | Create | Villager (Male) |
| 20:02 | Create | Villager (Male) |
| 20:09 | Build | Mill |
| 20:10 | Create | Villager (Male) |
| 20:17 | Build | House |
| 20:18 | Build | House |
| 20:19 | Create | Villager (Male) |
| 20:23 | Build | Farm |
| 20:24 | Build | Farm |
| 20:25 | Build | Farm |
| 20:28 | Build | Farm |
| 20:29 | Build | Farm |
| 20:31 | Create | Villager (Male) |
| 20:33 | Create | Villager (Male) |
| 20:35 | Create | Villager (Male) |
| 20:37 | Create | Villager (Male) |
| 20:38 | Create | Villager (Male) |
| 20:39 | Create | Villager (Male) |
| 20:47 | Build | Mining Camp |
| 20:49 | Create | Villager (Male) |
| 20:50 | Create | Monk |
| 21:03 | Create | Villager (Male) |
| 21:05 | Create | Villager (Male) |
| 21:08 | Build | Farm |
| 21:10 | Build | Farm |
| 21:20 | Build | Mill |
| 21:21 | Create | Villager (Male) |
| 21:23 | Build | Farm |
| 21:24 | Build | Farm |
| 21:25 | Build | Farm |
| 21:27 | Create | Villager (Male) |
| 21:28 | Create | Villager (Male) |
| 21:29 | Research | Gold Mining |
| 21:30 | Create | Villager (Male) |
| 21:34 | Build | House |
Build order — Ux'LobodeLaNieve
First 150 of 497 actions detected
| 0:02 | Create | Villager (Male) |
| 0:02 | Create | Villager (Male) |
| 0:03 | Build | House |
| 0:04 | Build | House |
| 0:06 | Create | Villager (Male) |
| 0:08 | Create | Villager (Male) |
| 0:50 | Build | Palisade Wall |
| 0:51 | Build | Palisade Wall |
| 0:53 | Build | Palisade Wall |
| 0:56 | Build | Palisade Wall |
| 0:59 | Build | Palisade Wall |
| 1:10 | Build | Palisade Wall |
| 1:11 | Build | Palisade Wall |
| 1:17 | Build | Palisade Wall |
| 1:22 | Build | Palisade Wall |
| 1:24 | Build | Mill |
| 1:30 | Build | Palisade Wall |
| 1:31 | Create | Villager (Male) |
| 1:37 | Build | Palisade Wall |
| 1:43 | Build | Palisade Wall |
| 1:46 | Build | Palisade Wall |
| 1:52 | Build | Palisade Wall |
| 1:54 | Build | House |
| 2:02 | Create | Villager (Male) |
| 2:17 | Create | Villager (Male) |
| 2:17 | Create | Villager (Male) |
| 2:48 | Create | Villager (Male) |
| 2:49 | Create | Villager (Male) |
| 3:16 | Create | Villager (Male) |
| 3:17 | Create | Villager (Male) |
| 3:40 | Create | Villager (Male) |
| 3:53 | Create | Villager (Male) |
| 3:54 | Create | Villager (Male) |
| 4:06 | Create | Villager (Male) |
| 4:17 | Build | Lumber Camp |
| 4:27 | Create | Villager (Male) |
| 4:28 | Create | Villager (Male) |
| 4:59 | Create | Villager (Male) |
| 4:59 | Create | Villager (Male) |
| 5:03 | Create | Villager (Male) |
| 5:17 | Create | Villager (Male) |
| 5:17 | Create | Villager (Male) |
| 5:19 | Build | Mill |
| 5:32 | Create | Villager (Male) ×2 |
| 5:42 | Create | Villager (Male) |
| 6:39 | Research | Feudal Age |
| 7:22 | Build | House |
| 7:23 | Build | House |
| 8:52 | Create | Villager (Male) |
| 8:53 | Age | Feudal Age |
| 9:01 | Create | Villager (Male) |
| 9:12 | Build | Town Center |
| 9:14 | Create | Villager (Male) |
| 9:20 | Create | Villager (Male) |
| 9:21 | Build | Mining Camp |
| 9:25 | Create | Villager (Male) |
| 9:26 | Create | Villager (Male) |
| 9:27 | Create | Villager (Male) |
| 9:27 | Create | Villager (Male) |
| 9:28 | Create | Villager (Male) |
| 9:30 | Create | Villager (Male) |
| 9:42 | Build | Palisade Wall |
| 9:45 | Build | Palisade Wall |
| 9:52 | Create | Villager (Male) |
| 9:53 | Create | Villager (Male) |
| 10:15 | Create | Villager (Male) |
| 10:25 | Create | Villager (Male) |
| 10:30 | Create | Villager (Male) |
| 10:31 | Create | Villager (Male) |
| 10:45 | Build | Palisade Wall |
| 10:49 | Research | Loom |
| 10:55 | Create | Villager (Male) |
| 10:56 | Create | Villager (Male) |
| 11:07 | Create | Villager (Male) |
| 11:08 | Create | Villager (Male) |
| 11:09 | Create | Villager (Male) ×4 |
| 11:28 | Build | Watch Tower |
| 11:34 | Build | Watch Tower |
| 11:34 | Create | Villager (Male) |
| 12:13 | Create | Villager (Male) |
| 12:18 | Build | Blacksmith |
| 12:28 | Create | Villager (Male) |
| 12:33 | Build | Market |
| 12:54 | Research | Horse Collar |
| 12:55 | Create | Villager (Male) |
| 13:01 | Create | Villager (Male) |
| 13:08 | Build | House |
| 13:13 | Build | House |
| 13:22 | Create | Villager (Male) |
| 13:34 | Build | House |
| 13:47 | Build | Farm |
| 13:48 | Create | Villager (Male) |
| 13:50 | Build | Farm |
| 13:59 | Create | Villager (Male) |
| 14:06 | Build | House |
| 14:31 | Create | Villager (Male) |
| 14:33 | Create | Villager (Male) |
| 14:38 | Create | Villager (Male) |
| 14:58 | Build | Farm |
| 14:59 | Build | Farm |
| 15:01 | Build | Farm |
| 15:01 | Create | Villager (Male) |
| 15:02 | Create | Villager (Male) |
| 15:05 | Create | Villager (Male) |
| 15:06 | Create | Villager (Male) |
| 15:26 | Build | Farm |
| 15:28 | Build | Farm |
| 15:31 | Build | Mining Camp |
| 15:37 | Create | Villager (Male) |
| 15:37 | Create | Villager (Male) |
| 15:39 | Build | Farm |
| 15:41 | Create | Villager (Male) |
| 15:42 | Build | House |
| 15:49 | Build | House |
| 15:51 | Create | Villager (Male) |
| 15:51 | Create | Villager (Male) |
| 16:14 | Create | Villager (Male) |
| 16:14 | Create | Villager (Male) |
| 16:22 | Create | Villager (Male) |
| 16:25 | Build | House |
| 16:30 | Build | Farm |
| 16:33 | Build | Farm |
| 16:35 | Build | Farm |
| 16:38 | Create | Villager (Male) |
| 16:39 | Create | Villager (Male) |
| 16:44 | Build | Farm |
| 16:53 | Create | Villager (Male) |
| 16:57 | Build | Farm |
| 17:04 | Build | Farm |
| 17:05 | Create | Villager (Male) |
| 17:09 | Build | Farm |
| 17:21 | Build | Farm |
| 17:25 | Create | Villager (Male) |
| 17:32 | Create | Villager (Male) |
| 17:38 | Create | Villager (Male) |
| 17:40 | Create | Villager (Male) |
| 17:51 | Build | Palisade Gate |
| 18:30 | Create | Villager (Male) |
| 18:40 | Create | Villager (Male) |
| 18:57 | Research | Castle Age |
| 19:05 | Create | Villager (Male) |
| 19:10 | Build | House |
| 19:11 | Build | House |
| 19:15 | Create | Villager (Male) |
| 19:15 | Create | Villager (Male) |
| 19:27 | Build | Farm |
| 19:30 | Build | Farm |
| 19:32 | Build | Farm |
| 19:33 | Research | Wheelbarrow |
| 19:41 | Build | Farm |
Build order — 120057903
First 150 of 609 actions detected
| 0:01 | Create | Villager (Male) |
| 0:01 | Create | Villager (Male) |
| 0:02 | Create | Villager (Male) |
| 0:02 | Build | House |
| 0:04 | Build | House |
| 0:13 | Create | Villager (Male) |
| 0:43 | Build | House |
| 0:50 | Build | Palisade Gate |
| 1:04 | Build | Palisade Gate |
| 1:10 | Build | Palisade Gate |
| 1:17 | Build | Palisade Wall |
| 1:29 | Create | Villager (Male) |
| 1:49 | Build | Palisade Gate |
| 1:59 | Create | Villager (Male) |
| 1:59 | Create | Villager (Male) |
| 2:30 | Create | Villager (Male) |
| 2:30 | Create | Villager (Male) |
| 2:41 | Build | Palisade Wall |
| 3:01 | Create | Villager (Male) |
| 3:01 | Create | Villager (Male) |
| 3:29 | Create | Villager (Male) |
| 3:29 | Create | Villager (Male) |
| 3:29 | Create | Villager (Male) |
| 3:29 | Create | Villager (Male) |
| 3:36 | Build | Palisade Wall |
| 3:59 | Create | Villager (Male) |
| 3:59 | Create | Villager (Male) |
| 3:59 | Create | Villager (Male) |
| 4:20 | Create | Villager (Male) |
| 4:20 | Create | Villager (Male) |
| 4:45 | Create | Villager (Male) |
| 4:45 | Create | Villager (Male) |
| 5:34 | Create | Villager (Male) |
| 5:59 | Create | Villager (Male) |
| 6:01 | Create | Villager (Male) |
| 6:01 | Create | Villager (Male) |
| 6:20 | Build | Lumber Camp |
| 6:54 | Build | House |
| 7:00 | Research | Loom |
| 7:00 | Research | Loom |
| 7:00 | Research | Loom |
| 7:27 | Create | Villager (Male) |
| 7:43 | Build | House |
| 7:49 | Create | Villager (Male) |
| 8:15 | Build | Mill |
| 8:18 | Create | Villager (Male) |
| 8:19 | Create | Villager (Male) |
| 8:56 | Research | Feudal Age |
| 8:56 | Research | Feudal Age |
| 8:59 | Build | Mining Camp |
| 9:25 | Build | Farm |
| 9:28 | Build | Farm |
| 10:06 | Create | Villager (Male) |
| 10:06 | Create | Villager (Male) |
| 10:26 | Age | Feudal Age |
| 10:34 | Build | Market |
| 10:38 | Create | Villager (Male) |
| 11:03 | Build | Blacksmith |
| 11:54 | Build | Lumber Camp |
| 12:05 | Research | Castle Age |
| 12:05 | Research | Castle Age |
| 13:31 | Create | Villager (Male) |
| 13:31 | Create | Villager (Male) |
| 13:41 | Age | Castle Age |
| 13:54 | Build | Town Center |
| 14:44 | Build | Siege Workshop |
| 14:48 | Create | Villager (Male) |
| 14:48 | Create | Villager (Male) |
| 15:06 | Create | Mangonel |
| 15:06 | Create | Mangonel |
| 15:17 | Build | Mining Camp |
| 15:23 | Create | Villager (Male) |
| 15:39 | Create | Villager (Male) |
| 15:39 | Create | Villager (Male) |
| 15:40 | Create | Villager (Male) |
| 16:04 | Create | Villager (Male) |
| 16:04 | Create | Villager (Male) |
| 16:07 | Build | Farm |
| 16:11 | Build | Farm |
| 16:21 | Create | Villager (Male) |
| 16:21 | Create | Villager (Male) |
| 16:21 | Create | Villager (Male) |
| 16:31 | Build | Farm |
| 16:32 | Build | Farm |
| 16:37 | Build | Farm |
| 16:41 | Build | Farm |
| 16:43 | Create | Villager (Male) |
| 16:44 | Create | Villager (Male) |
| 16:50 | Build | Farm |
| 17:12 | Create | Villager (Male) |
| 17:13 | Build | Farm |
| 17:15 | Create | Villager (Male) |
| 17:15 | Create | Villager (Male) |
| 17:15 | Create | Villager (Male) |
| 17:27 | Create | Villager (Male) |
| 17:27 | Create | Villager (Male) |
| 17:28 | Create | Villager (Male) |
| 17:34 | Create | Villager (Male) |
| 17:34 | Create | Villager (Male) |
| 17:34 | Create | Villager (Male) |
| 17:41 | Create | Villager (Male) |
| 17:41 | Create | Villager (Male) |
| 17:56 | Create | Villager (Male) |
| 17:56 | Create | Villager (Male) |
| 18:01 | Build | Town Center |
| 18:09 | Build | House |
| 18:19 | Build | House |
| 18:32 | Research | Wheelbarrow |
| 18:33 | Research | Wheelbarrow |
| 18:35 | Research | Town Watch |
| 18:35 | Research | Town Watch |
| 18:53 | Create | Villager (Male) |
| 18:53 | Create | Villager (Male) |
| 18:54 | Create | Villager (Male) |
| 18:58 | Build | House |
| 18:59 | Build | House |
| 19:03 | Create | Villager (Male) |
| 19:03 | Create | Villager (Male) |
| 19:17 | Build | House |
| 19:18 | Create | Villager (Male) |
| 19:18 | Create | Villager (Male) |
| 19:32 | Build | Farm |
| 19:34 | Create | Villager (Male) |
| 19:34 | Create | Villager (Male) |
| 19:34 | Create | Villager (Male) |
| 19:37 | Build | Farm |
| 19:40 | Build | Farm |
| 19:41 | Create | Villager (Male) |
| 19:41 | Create | Villager (Male) |
| 19:42 | Create | Villager (Male) |
| 19:59 | Build | Farm |
| 20:01 | Create | Villager (Male) |
| 20:01 | Create | Villager (Male) |
| 20:01 | Create | Villager (Male) |
| 20:09 | Create | Villager (Male) |
| 20:17 | Build | Lumber Camp |
| 20:19 | Create | Villager (Male) |
| 20:19 | Create | Villager (Male) |
| 20:19 | Create | Villager (Male) |
| 20:23 | Build | Farm |
| 20:37 | Create | Villager (Male) |
| 20:37 | Create | Villager (Male) |
| 20:46 | Create | Villager (Male) |
| 20:50 | Build | Town Center |
| 21:00 | Create | Villager (Male) |
| 21:00 | Create | Villager (Male) |
| 21:01 | Create | Villager (Male) |
| 21:02 | Build | Farm |
| 21:03 | Build | Farm |
| 21:06 | Build | Farm |
Build order — KH | BooMBastic_
First 150 of 423 actions detected
| 0:01 | Create | Villager (Male) |
| 0:01 | Create | Villager (Male) |
| 0:01 | Create | Villager (Male) |
| 0:02 | Build | House |
| 0:03 | Build | House |
| 0:21 | Create | Villager (Male) |
| 1:26 | Create | Villager (Male) |
| 1:46 | Build | Lumber Camp |
| 1:49 | Create | Villager (Male) |
| 1:49 | Create | Villager (Male) |
| 2:22 | Create | Villager (Male) |
| 2:22 | Create | Villager (Male) |
| 2:36 | Build | House |
| 2:37 | Build | House |
| 2:52 | Create | Villager (Male) |
| 3:02 | Create | Villager (Male) |
| 3:30 | Create | Villager (Male) |
| 3:32 | Build | House |
| 3:55 | Create | Villager (Male) |
| 4:02 | Create | Villager (Male) |
| 4:36 | Create | Villager (Male) |
| 5:21 | Create | Villager (Male) |
| 5:38 | Build | Mill |
| 5:44 | Create | Villager (Male) |
| 5:57 | Create | Villager (Male) |
| 6:12 | Create | Villager (Male) |
| 6:40 | Create | Villager (Male) |
| 6:46 | Build | Lumber Camp |
| 7:05 | Create | Villager (Male) |
| 7:33 | Build | Farm |
| 7:34 | Create | Villager (Male) |
| 8:06 | Build | Mill |
| 8:12 | Create | Villager (Male) |
| 8:46 | Create | Villager (Male) |
| 9:09 | Build | Farm |
| 9:12 | Research | Feudal Age |
| 9:19 | Build | Farm |
| 9:24 | Build | Farm |
| 9:32 | Build | Mining Camp |
| 11:01 | Build | Barracks |
| 11:22 | Age | Feudal Age |
| 11:23 | Create | Villager (Male) |
| 11:26 | Create | Villager (Male) |
| 11:28 | Build | Blacksmith |
| 11:34 | Build | Blacksmith |
| 12:08 | Build | Stable |
| 12:14 | Create | Villager (Male) |
| 12:33 | Build | House |
| 12:45 | Research | Castle Age |
| 12:55 | Research | Horse Collar |
| 12:57 | Build | Farm |
| 12:58 | Build | Farm |
| 13:00 | Create | Scout Cavalry |
| 13:02 | Build | House |
| 13:09 | Build | Farm |
| 13:18 | Build | Farm |
| 13:29 | Create | Scout Cavalry |
| 13:48 | Build | House |
| 14:01 | Create | Scout Cavalry |
| 14:10 | Create | Villager (Male) |
| 14:36 | Build | Farm |
| 14:45 | Create | Scout Cavalry |
| 14:52 | Research | Forging |
| 14:58 | Build | Farm |
| 15:19 | Create | Scout Cavalry |
| 15:20 | Create | Villager (Male) |
| 15:25 | Age | Castle Age |
| 15:43 | Build | Monastery |
| 15:49 | Build | Town Center |
| 15:57 | Create | Villager (Male) |
| 16:11 | Build | Farm |
| 16:16 | Create | Monk |
| 16:17 | Create | Villager (Male) |
| 16:52 | Create | Villager (Male) |
| 16:58 | Build | Town Center |
| 17:01 | Create | Villager (Male) |
| 17:02 | Create | Villager (Male) |
| 17:03 | Build | Farm |
| 17:05 | Create | Villager (Male) |
| 17:06 | Create | Monk |
| 17:22 | Create | Villager (Male) |
| 17:38 | Create | Villager (Male) |
| 17:38 | Create | Villager (Male) |
| 17:40 | Build | Farm |
| 17:41 | Build | Farm |
| 17:43 | Build | Farm |
| 17:45 | Build | Farm |
| 17:53 | Research | Wheelbarrow |
| 17:54 | Create | Villager (Male) |
| 18:11 | Create | Villager (Male) |
| 18:13 | Build | Farm |
| 18:16 | Create | Villager (Male) |
| 18:44 | Create | Villager (Male) |
| 18:49 | Create | Villager (Male) |
| 18:57 | Create | Villager (Male) |
| 19:03 | Create | Villager (Male) |
| 19:05 | Create | Villager (Male) |
| 19:07 | Build | Farm |
| 19:07 | Build | Farm |
| 19:08 | Build | Farm |
| 19:10 | Build | Farm |
| 19:12 | Build | Farm |
| 19:12 | Create | Villager (Male) |
| 19:14 | Create | Villager (Male) |
| 19:16 | Build | Farm |
| 19:16 | Build | Farm |
| 19:20 | Build | Farm |
| 19:20 | Build | Farm |
| 19:37 | Create | Villager (Male) |
| 19:41 | Build | Farm |
| 19:48 | Build | House |
| 19:49 | Build | House |
| 19:55 | Research | Gold Mining |
| 19:55 | Research | Gold Mining |
| 19:58 | Create | Villager (Male) |
| 20:00 | Create | Villager (Male) |
| 20:07 | Build | Farm |
| 20:07 | Build | Farm |
| 20:13 | Build | House |
| 20:15 | Build | House |
| 20:17 | Build | House |
| 20:22 | Build | House |
| 20:24 | Build | House |
| 20:25 | Create | Villager (Male) |
| 20:25 | Create | Villager (Male) |
| 20:37 | Create | Monk |
| 20:47 | Create | Villager (Male) |
| 20:50 | Build | Farm |
| 20:51 | Create | Villager (Male) |
| 20:51 | Create | Villager (Male) |
| 21:14 | Create | Villager (Male) |
| 21:16 | Build | House |
| 21:18 | Build | House |
| 21:23 | Create | Villager (Male) |
| 21:28 | Create | Villager (Male) |
| 21:29 | Create | Villager (Male) |
| 21:32 | Build | Mining Camp |
| 21:34 | Create | Villager (Male) |
| 21:34 | Create | Villager (Male) |
| 21:36 | Build | Farm |
| 21:37 | Build | Farm |
| 21:39 | Build | Farm |
| 21:42 | Build | Farm |
| 21:43 | Build | Farm |
| 21:54 | Create | Villager (Male) |
| 22:01 | Create | Villager (Male) |
| 22:06 | Create | Villager (Male) |
| 22:14 | Build | University |
| 22:18 | Research | Stone Mining |
| 22:21 | Create | Villager (Male) |
Match timeline
| 0:50 | Ux'LobodeLaNieve · wall_segment Palisade Wall x1 |
| 0:51 | Ux'LobodeLaNieve · wall_segment Palisade Wall x1 |
| 0:53 | Ux'LobodeLaNieve · wall_segment Palisade Wall x1 |
| 0:56 | Ux'LobodeLaNieve · wall_segment Palisade Wall x1 |
| 0:59 | Ux'LobodeLaNieve · wall_segment Palisade Wall x1 |
| 1:10 | Ux'LobodeLaNieve · wall_segment Palisade Wall x1 |
| 1:11 | Ux'LobodeLaNieve · wall_segment Palisade Wall x1 |
| 1:17 | Ux'LobodeLaNieve · wall_segment Palisade Wall x1 |
| 1:17 | 120057903 · wall_segment Palisade Wall x1 |
| 1:19 | Ux'El papibara · wall_segment Palisade Wall x1 |
| 1:21 | Ux'El papibara · wall_segment Palisade Wall x1 |
| 1:22 | Ux'LobodeLaNieve · wall_segment Palisade Wall x1 |
| 1:24 | Ux'El papibara · wall_segment Palisade Wall x1 |
| 1:25 | Ux'El papibara · wall_segment Palisade Wall x1 |
| 1:27 | Ux'El papibara · wall_segment Palisade Wall x1 |
| 1:28 | Ux'El papibara · wall_segment Palisade Wall x1 |
| 1:29 | Ux'El papibara · wall_segment Palisade Wall x1 |
| 1:30 | Ux'LobodeLaNieve · wall_segment Palisade Wall x1 |
| 1:30 | Ux'El papibara · wall_segment Palisade Wall x1 |
| 1:37 | Ux'LobodeLaNieve · wall_segment Palisade Wall x1 |
| 1:43 | Ux'LobodeLaNieve · wall_segment Palisade Wall x1 |
| 1:46 | Ux'LobodeLaNieve · wall_segment Palisade Wall x1 |
| 1:52 | Ux'LobodeLaNieve · wall_segment Palisade Wall x1 |
| 2:00 | Ux'El papibara · wall_segment Palisade Wall x1 |
| 2:02 | Ux'El papibara · wall_segment Palisade Wall x1 |
| 2:03 | Ux'El papibara · wall_segment Palisade Wall x1 |
| 2:04 | Ux'El papibara · wall_segment Palisade Wall x2 |
| 2:05 | Ux'El papibara · wall_segment Palisade Wall x1 |
| 2:07 | Ux'El papibara · wall_segment Palisade Wall x1 |
| 2:08 | Ux'El papibara · wall_segment Palisade Wall x1 |
| 2:41 | 120057903 · wall_segment Palisade Wall x1 |
| 3:36 | 120057903 · wall_segment Palisade Wall x1 |
| 6:23 | Puerco_Black · wall_segment Palisade Wall x1 |
| 6:27 | Puerco_Black · wall_segment Palisade Wall x1 |
| 8:46 | hK | Islamey · age_up feudal |
| 8:53 | Ux'LobodeLaNieve · age_up feudal |
| 9:22 | Volg · first_building Barracks |
| 9:42 | Ux'LobodeLaNieve · wall_segment Palisade Wall x5 |
| 9:45 | Ux'LobodeLaNieve · wall_segment Palisade Wall x13 |
| 10:26 | 120057903 · age_up feudal |
| 10:32 | Puerco_Black · age_up feudal |
| 10:45 | Ux'LobodeLaNieve · wall_segment Palisade Wall x2 |
| 10:56 | Shelby Lane · age_up feudal |
| 11:01 | KH | BooMBastic_ · first_building Barracks |
| 11:11 | Volg · age_up feudal |
| 11:16 | Volg · first_building Stable |
| 11:22 | KH | BooMBastic_ · age_up feudal |
| 11:45 | 120057903 · first_market_sell 100 wood |
| 11:46 | 120057903 · first_market_buy 100 food |
| 12:02 | Ux'El papibara · age_up feudal |
| 12:08 | KH | BooMBastic_ · first_building Stable |
| 13:41 | 120057903 · age_up castle |
| 14:00 | Shelby Lane · first_building Barracks |
| 14:02 | hK | Islamey · wall_segment Palisade Wall x2 |
| 14:10 | Puerco_Black · age_up castle |
| 14:44 | 120057903 · first_building Siege Workshop |
| 14:51 | Shelby Lane · age_up castle |
| 14:56 | Volg · age_up castle |
| 15:25 | KH | BooMBastic_ · age_up castle |
| 15:43 | KH | BooMBastic_ · first_building Monastery |
| 16:12 | Ux'El papibara · age_up castle |
| 16:21 | Ux'El papibara · first_market_buy 100 food |
| 17:13 | Ux'LobodeLaNieve · first_market_sell 500 stone |
| 17:14 | Ux'LobodeLaNieve · first_market_buy 100 food |
| 17:51 | hK | Islamey · first_market_buy 100 food |
| 17:53 | hK | Islamey · first_market_sell 100 wood |
| 18:26 | Puerco_Black · first_building Monastery |
| 19:49 | Shelby Lane · first_market_sell 100 food |
| 20:08 | Volg · first_building Monastery |
| 20:57 | hK | Islamey · age_up castle |
| 21:01 | hK | Islamey · first_building Castle |
| 21:17 | hK | Islamey · wall_segment Palisade Wall x1 |
| 21:20 | hK | Islamey · wall_segment Palisade Wall x1 |
| 21:37 | Ux'LobodeLaNieve · age_up castle |
| 22:46 | hK | Islamey · first_building Siege Workshop |
| 23:20 | Ux'El papibara · first_building Barracks |
| 23:31 | Shelby Lane · first_building Stable |
| 23:53 | 120057903 · first_building Castle |
| 23:58 | KH | BooMBastic_ · first_building Siege Workshop |
| 24:11 | Ux'El papibara · first_building Stable |
| 24:27 | Puerco_Black · first_building Castle |
| 24:37 | KH | BooMBastic_ · first_market_buy 100 wood |
| 25:19 | Puerco_Black · first_building Barracks |
| 25:21 | Shelby Lane · first_building Siege Workshop |
| 25:37 | Ux'El papibara · first_market_sell 500 wood |
| 25:41 | Shelby Lane · first_building Castle |
| 25:42 | Ux'LobodeLaNieve · first_building Siege Workshop |
| 26:12 | KH | BooMBastic_ · first_building Castle |
| 26:30 | Ux'LobodeLaNieve · first_building Castle |
| 26:31 | Ux'El papibara · first_building Castle |
| 26:58 | Ux'El papibara · first_building Siege Workshop |
| 27:09 | Ux'El papibara · wall_segment Stone Wall x3 |
| 27:10 | Ux'LobodeLaNieve · first_building Barracks |
| 27:19 | Volg · first_market_sell 100 food |
| 27:32 | KH | BooMBastic_ · age_up imperial |
| 28:08 | Puerco_Black · age_up imperial |
| 28:25 | Shelby Lane · first_market_buy 100 wood |
| 28:40 | Volg · first_building Castle |
| 28:59 | Puerco_Black · first_building Stable |
| 29:00 | Ux'El papibara · wall_segment Stone Wall x3 |
| 29:15 | Ux'LobodeLaNieve · first_building Stable |
| 29:24 | Ux'El papibara · age_up imperial |
| 29:54 | Ux'LobodeLaNieve · age_up imperial |
| 29:58 | Shelby Lane · age_up imperial |
| 30:46 | Volg · age_up imperial |
| 31:01 | Ux'LobodeLaNieve · wall_segment Palisade Wall x1 |
| 31:04 | hK | Islamey · age_up imperial |
| 31:20 | 120057903 · first_building Barracks |
| 31:52 | 120057903 · age_up imperial |
| 33:03 | Puerco_Black · first_market_sell 100 food |
| 33:12 | hK | Islamey · wall_segment Stone Wall x24 |
| 33:57 | hK | Islamey · wall_segment Palisade Wall x1 |
| 35:04 | Puerco_Black · first_market_buy 100 stone |
| 35:30 | hK | Islamey · first_building Barracks |
| 37:33 | Volg · tribute_sent a jugador 1 |
| 37:33 | Volg · tribute_sent a jugador 2 |
| 37:33 | Volg · tribute_sent a jugador 3 |
| 37:33 | Volg · tribute_sent a jugador 4 |
| 37:33 | Volg · tribute_sent a jugador 5 |
| 37:33 | Volg · tribute_sent a jugador 7 |
| 37:33 | Volg · tribute_sent a jugador 8 |
| 38:47 | Puerco_Black · tribute_sent a jugador 1 |
| 38:47 | Puerco_Black · tribute_sent a jugador 2 |
| 38:47 | Puerco_Black · tribute_sent a jugador 3 |
| 38:47 | Puerco_Black · tribute_sent a jugador 5 |
| 38:47 | Puerco_Black · tribute_sent a jugador 6 |
| 38:47 | Puerco_Black · tribute_sent a jugador 7 |
| 38:47 | Puerco_Black · tribute_sent a jugador 8 |
| 39:47 | Puerco_Black · tribute_sent a jugador 1 |
| 39:47 | Puerco_Black · tribute_sent a jugador 2 |
| 39:47 | Puerco_Black · tribute_sent a jugador 3 |
| 39:47 | Puerco_Black · tribute_sent a jugador 5 |
| 39:47 | Puerco_Black · tribute_sent a jugador 6 |
| 39:47 | Puerco_Black · tribute_sent a jugador 7 |
| 39:47 | Puerco_Black · tribute_sent a jugador 8 |
| 40:55 | KH | BooMBastic_ · first_market_sell 500 food |
| 41:55 | Ux'LobodeLaNieve · resign |
[ AI ANALYSIS · 1 CREDIT ]
What really happened in this match?
Wolo.gg analyzes every decision: build order, eco, micro, common mistakes by bracket. Personalized analysis on WhatsApp or Discord in 30 seconds.
Civ guide
Magyars
Perfil
Jugador #2295504